 Dungeon Crawl Stone Soup version 0.28.0-43-g3370ac3207 (webtiles) character file.

Game seed: 8935303005266236423

146 jimonade the Skirmisher (level 5, 0/47 HPs)
             Began as a Gnoll Wanderer on Mar 19, 2022.
             Slain by an orc wizard
             ... wielding a +0 dagger
              (3 damage)
             ... on level 3 of the Dungeon.
             The game lasted 00:09:58 (2878 turns).

jimonade the Skirmisher (Gnoll Wanderer)            Turns: 2878, Time: 00:09:59

Health: 0/47       AC:  4    Str: 15    XL:     5   Next: 28%
Magic:  9/9        EV: 11    Int: 12    God:
Gold:   89         SH:  0    Dex:  9    Spells: 4/10 levels left

rFire   . . .      SeeInvis .   q - +2 dagger (venom)
rCold   . . .      Faith    .   (no shield)
rNeg    . . .      Spirit   .   c - +0 leather armour
rPois   .          Reflect  .   (no helmet)
rElec   .          Harm     .   (no cloak)
rCorr   .          Rampage  .   l - +0 pair of gloves
Will    .....                   (no boots)
Stlth   ++........              k - amulet of the acrobat
HPRegen 0.15/turn               (no ring)
MPRegen 0.11/turn               (no ring)

@: no status effects
A: fangs 1, strong nose, distributed training
a: no special abilities


You were on level 3 of the Dungeon.
You visited 1 branch of the dungeon, and saw 4 of its levels.

You collected 89 gold pieces.

Inventory:

Hand Weapons
 a - a +1 hand crossbow
 q - a +2 dagger of venom (weapon)
Missiles
 b - 37 bolts
 i - 71 stones
Armour
 c - a +0 leather armour (worn)
 l - a +0 pair of gloves (worn)
Jewellery
 k - an amulet of the acrobat (around neck)
 o - a ring of flight
 r - a ring of protection from fire
Wands
 m - a wand of iceblast (6)
Scrolls
 d - a scroll of amnesia {unknown}
 f - a scroll of enchant armour {unknown}
 g - 2 scrolls of identify {unknown}
 j - a scroll of brand weapon {unknown}
 p - a scroll of teleportation {unknown}
 s - a scroll of vulnerability {unknown}
 t - a scroll of holy word {unknown}
Potions
 e - 2 potions of curing {unknown}
 h - a potion of heal wounds {unknown}
 n - a potion of haste {unknown}
 u - 2 potions of attraction {unknown}


   Skills:
 + Level 6.7 Fighting
 + Level 1.4 Short Blades
 + Level 1.4 Long Blades
 + Level 1.4 Axes
 + Level 1.4 Maces & Flails
 + Level 1.4 Polearms
 + Level 1.4 Staves
 + Level 1.4 Slings
 + Level 1.4 Bows
 + Level 4.7 Crossbows
 + Level 1.4 Throwing
 + Level 1.4 Armour
 + Level 1.4 Dodging
 + Level 2.7 Stealth
 + Level 1.4 Shields
 + Level 1.4 Unarmed Combat
 + Level 3.1 Spellcasting
 + Level 1.1 Conjurations
 + Level 1.1 Hexes
 + Level 5.5 Summonings
 + Level 1.1 Necromancy
 + Level 1.1 Translocations
 + Level 1.1 Transmutations
 + Level 1.1 Fire Magic
 + Level 1.1 Ice Magic
 + Level 1.1 Air Magic
 + Level 1.1 Earth Magic
 + Level 1.1 Poison Magic
 + Level 1.6 Invocations
 + Level 1.4 Evocations


You had 4 spell levels left.
You knew the following spells:

 Your Spells              Type           Power      Damage    Failure   Level
a - Summon Small Mammal   Summ           60%        N/A       3%          1
b - Call Imp              Summ           15%        N/A       4%          2
c - Call Canine Familiar  Summ           15%        N/A       9%          3

Your spell library contained the following spells:

 Spells                   Type           Power      Damage    Failure   Level
 Ozocubu's Armour         Ice            4%         N/A       50%         3
 Metabolic Englaciation   Hex/Ice        2%         N/A       99%         5
 Simulacrum               Ice/Necr       2%         N/A       100%        6


Dungeon Overview and Level Annotations

Branches:
Dungeon (4/15)
 Temple: D:4-7

Altars:
Qazlal
Sif Muna
Xom

Shops:
D:3 *


Innate Abilities, Weirdness & Mutations

You have very sharp teeth.
Your uncanny sense of smell can sniff out nearby items.
Your experience applies equally to all skills.


Message History

You hit the orc but do no damage.
The orc is poisoned.
The orc hits you with a +0 flail.
You hit the orc.
The orc looks as sick as possible!
The orc is severely wounded.
Something hits you but does no damage. The orc hits you with a +0 flail!
* * * LOW HITPOINT WARNING * * *
You hit the orc.
You kill the orc!
Something hits you but does no damage.
You hit something. Your bite misses something.
Something hits you but does no damage. The goblin hits you but does no damage.
You completely miss something. Something hits you but does no damage.
The goblin hits you but does no damage.
You hit something but do no damage. You bite something. Something hits you.
* * * LOW HITPOINT WARNING * * *
The goblin closely misses you.
You barely miss something.
You hear some strange, mumbled words.
You are confused.
The goblin closely misses you.
You bump into the rock wall.
Something hits you.
* * * LOW HITPOINT WARNING * * *
The goblin hits you but does no damage.
You hit something. Something hits you but does no damage.
The goblin barely misses you.
You miss something. Something hits you but does no damage.
You're too confused to move!
The goblin hits you but does no damage.
You hear some strange, mumbled words.
Something tries to affect you, but you resist.
You miss the goblin.
The goblin is heavily wounded.
The goblin hits you but does no damage. Something hits you but does no damage.
You're too confused to move!
You feel less confused. The goblin barely misses you. Something hits you.
* * * LOW HITPOINT WARNING * * *
You hit the goblin.
You kill the goblin!
Something hits you.
You die...

#.# #...........#.#..##
#.# ###..............##
##.## #................
#...# #................
#...# #............#.#.
#...# #........#.....#.
###.# ######........##.
#.# ##########..#....##.
#.# #.{@)..# #..#.......
#.###.####.# #....<#.###
#........#.# ##.#.##.###
#####.##.#.####.........
#.##.#.##.....#####.
#.........###.#####.
########### #.##....
#.##.##. #.......


There were no monsters in sight!

Vanquished Creatures
  An orc priest (D:4)
  6 adders
  A worm (D:2)
  2 dart slugs (D:3)
  An orc (D:3)
  4 ball pythons
  5 bats
  4 endoplasms
  2 giant cockroaches (D:2)
  4 goblins
  3 hobgoblins
  6 kobolds
  A quokka (D:3)
  4 frilled lizards
  7 rats
51 creatures vanquished.

Vanquished Creatures (collateral kills)
  A bat (D:1)
  2 endoplasms (D:1)
  A goblin (D:1)
  A hobgoblin (D:2)
  A rat (D:2)
6 creatures vanquished.

Grand Total: 57 creatures vanquished

Notes
Turn   | Place    | Note
-------+----------+-------------------------------------------
     0 | D:1      | jimonade the Gnoll Wanderer began the quest for the Orb.
     0 | D:1      | jimonade set off with the following items: a +1 hand
                  | crossbow, 23 bolts, a +0 leather armour; and the following
                  | spell memorised: Summon Small Mammal; and the following
                  | spells available to memorise: Call Imp, Call Canine
                  | Familiar
     0 | D:1      | Reached XP level 1. HP: 23/23 MP: 4/4
   234 | D:1      | Reached XP level 2. HP: 29/29 MP: 0/5
   807 | D:1      | Learned a level 2 spell: Call Imp
   863 | D:2      | Found a faded altar of an unknown god.
  1034 | D:2      | Reached XP level 3. HP: 35/35 MP: 1/7
  1129 | D:2      | Found a shimmering altar of Xom.
  1166 | D:2      | Learned a level 3 spell: Call Canine Familiar
  1180 | D:2      | Reached skill level 1 in Invocations
  1214 | D:2      | Reached skill level 1 in Short Blades
  1214 | D:2      | Reached skill level 1 in Long Blades
  1214 | D:2      | Reached skill level 1 in Axes
  1214 | D:2      | Reached skill level 1 in Maces & Flails
  1214 | D:2      | Reached skill level 1 in Polearms
  1214 | D:2      | Reached skill level 1 in Staves
  1214 | D:2      | Reached skill level 1 in Slings
  1214 | D:2      | Reached skill level 1 in Bows
  1214 | D:2      | Reached skill level 1 in Throwing
  1214 | D:2      | Reached skill level 1 in Armour
  1214 | D:2      | Reached skill level 1 in Dodging
  1214 | D:2      | Reached skill level 1 in Shields
  1214 | D:2      | Reached skill level 1 in Unarmed Combat
  1214 | D:2      | Reached skill level 1 in Evocations
  1307 | D:2      | Reached XP level 4. HP: 28/41 MP: 3/8
  1958 | D:3      | Found a stormy altar of Qazlal.
  2034 | D:3      | Found Ykomil's Assorted Antiques.
  2120 | D:3      | Reached skill level 1 in Conjurations
  2120 | D:3      | Reached skill level 1 in Hexes
  2120 | D:3      | Reached skill level 1 in Necromancy
  2120 | D:3      | Reached skill level 1 in Translocations
  2120 | D:3      | Reached skill level 1 in Transmutations
  2120 | D:3      | Reached skill level 1 in Fire Magic
  2120 | D:3      | Reached skill level 1 in Ice Magic
  2120 | D:3      | Reached skill level 1 in Air Magic
  2120 | D:3      | Reached skill level 1 in Earth Magic
  2120 | D:3      | Reached skill level 1 in Poison Magic
  2355 | D:3      | Found a glowing drain.
  2531 | D:3      | Reached XP level 5. HP: 47/47 MP: 9/9
  2682 | D:3      | Found a shimmering blue altar of Sif Muna.
  2878 | D:3      | Slain by an orc wizard

Illustrated notes

Levels and vault maps discovered:
D:1:      tarquinn_simple_flora_water_d, layout_basic
D:2:      layout_basic, basic_altar, basic_ecumenical_altar
D:3:      layout_loops_cross, grunt_qazlal_sundering, led_sif_pool,
          serial_shops, nicolae_shop_window_shopping, portal_sewer_entry_d
D:4:      layout_layer_cave, nicolae_shop_overcharged_wands, uniq_pikel

Skill      XL: |  1  2  3  4 |
---------------+-------------+-----
Invocations    | 1 |  1.6
Short Blades   | 1 |  1.4
Long Blades    | 1 |  1.4
Axes           | 1 |  1.4
Maces & Flails | 1 |  1.4
Polearms       | 1 |  1.4
Staves         | 1 |  1.4
Slings         | 1 |  1.4
Bows           | 1 |  1.4
Throwing       | 1 |  1.4
Armour         | 1 |  1.4
Dodging        | 1 |  1.4
Shields        | 1 |  1.4
Unarmed Combat | 1 |  1.4
Evocations     | 1 |  1.4
Spellcasting   | 3 |  3.1
Conjurations   | 1 |  1.1
Hexes          | 1 |  1.1
Necromancy     | 1 |  1.1
Translocations | 1 |  1.1
Transmutations | 1 |  1.1
Fire Magic     | 1 |  1.1
Ice Magic      | 1 |  1.1
Air Magic      | 1 |  1.1
Earth Magic    | 1 |  1.1
Poison Magic   | 1 |  1.1
Fighting       | |  6.7
Crossbows      | |  4.7
Stealth        | |  2.7
Summonings     | |  5.5

Action                   |  1- 3 |  4- 6 || total
-------------------------+-------+-------++-------
Melee: Hand crossbow     |     2 |       ||     2
       Dagger            |       |    49 ||    49
       Bite              |       |     4 ||     4
 Fire: Hand crossbow     |    55 |    19 ||    74
 Cast: Summon Small Mamm |    36 |     8 ||    44
 Stab: Sleeping          |       |     1 ||     1
Armor: Leather armour    |    14 |    33 ||    47
Dodge: Dodged            |    31 |    31 ||    62
